Map: Curious Minds LE

Players

Ondra - Winner!

  • Race: Terran Terran
  • League: Platinum

Pandemic

  • Race: Terran Terran
  • League: Platinum

VOD

Have the link to the VOD?

Description

Time

  • Played on: Oct. 21, 2021, 5:50 p.m.
  • Length: 14:17
Show
View Real Time Build Order
Export as new Build Order

Ondra Terran - Winner!

Build Orders:  

Get SALT Encoding   

  12  0:00  SCV  
  13  0:12  SCV  
  14  0:16  Supply Depot  
  14  0:25  SCV  
  15  0:38  SCV  
  15  0:39  Barracks  
  16  0:43  Refinery  
  16  0:50  SCV  
  17  1:02  SCV  
  18  1:15  SCV  
  19  1:27  Marine  
  19  1:28  Orbital Command  
  20  1:39  Command Center  
  20  1:49  Factory  
  20  1:56  SCV  
  20  2:00  Supply Depot  
  21  2:04  Marine  
  23  2:08  SCV  
  23  2:12  Refinery  
  23  2:22  SCV  
  24  2:23  Marine  
  25  2:33  Starport  
  25  2:34  Factory Tech Lab  
  25  2:38  SCV  
  25  2:43  Marine  
  27  2:50  SCV  
  28  2:53  Orbital Command  
  28  2:56  Refinery  
  28  2:58  Siege Tank  
  28  3:02  SCV  
  31  3:14  SCV  
  32  3:25  Fusion Core  
  32  3:28  SCV  
  33  3:40  SCV  
  34  3:43  Refinery, SCV  
  34  3:45  Siege Tank  
  38  3:52  SCV  
  39  3:56  SCV  
  39  3:58  Supply Depot  
  40  4:05  SCV  
  40  4:09  SCV  
  42  4:20  SCV  
  43  4:24  Battlecruiser  
  43  4:26  Factory Tech Lab  
  43  4:27  SCV  
  50  4:31  Supply Depot  
  50  4:33  SCV  
  51  4:39  SCV  
  51  4:44  Command Center  
  52  4:47  SCV  
  53  4:53  Siege Tank  
  53  4:55  Supply Depot  
  53  4:56  SCV  
  57  5:02  Supply Depot, SCV  
  58  5:10  Starport, SCV  
  59  5:18  Supply Depot  
  59  5:19  Weapon Refit  
  59  5:20  SCV  
  60  5:25  Siege Tank  
  63  5:36  Engineering Bay  
  63  5:39  SCV x2  
  65  5:48  Battlecruiser  
  71  5:50  Starport Tech Lab  
  71  5:51  SCV  
  71  5:55  SCV  
  73  5:58  Supply Depot  
  74  6:04  SCV  
  74  6:07  Missile Turret, SCV  
  74  6:10  Missile Turret  
  75  6:16  SCV x2  
  75  6:17  Refinery  
  77  6:21  Refinery, SCV  
  78  6:31  Battlecruiser, Planetary Fortress  
  84  6:34  SCV  
  84  6:36  SCV  
  86  6:46  SCV  
  87  6:48  SCV  
  87  6:49  Siege Tank  
  91  7:00  SCV x2  
  93  7:04  Missile Turret  
  93  7:12  SCV  
  93  7:14  Sensor Tower  
  94  7:16  Hi-Sec Auto Tracking  
  94  7:17  SCV  
  94  7:21  SCV  
  97  7:30  SCV x2  
  97  7:32  Battlecruiser  
  97  7:33  SCV  
  105  7:40  Supply Depot  
  105  7:42  Supply Depot, SCV  
  106  7:44  Supply Depot  
  106  7:46  Supply Depot  
  106  7:54  SCV x2  
  108  8:01  Battlecruiser  
  108  8:03  SCV  
  115  8:11  SCV  
  116  8:13  SCV  
  117  8:22  SCV  
  117  8:25  Siege Tank  
  121  8:31  SCV  
  121  8:33  SCV  
  123  8:34  SCV, Armory x2  
  123  8:35  Armory  
  124  8:44  Battlecruiser  
  124  8:48  Command Center  
  130  8:52  Neosteel Armor  
  130  8:53  Factory, SCV  
  131  8:57  SCV  
  131  9:01  SCV, Starport  
  133  9:05  Supply Depot, SCV  
  133  9:08  Supply Depot  
  133  9:09  SCV  
  135  9:18  Siege Tank  
  138  9:25  Command Center  
  138  9:26  SCV  
  138  9:27  Battlecruiser  
  145  9:35  Terran Vehicle And Ship Armor Level 1, Terran Ship Weapons Level 1, Terran Vehicle Weapons Level 1  
  145  9:36  SCV  
  146  9:45  Starport Tech Lab, Factory Tech Lab  
  146  9:58  Refinery x2  
  146  9:59  Planetary Fortress  
  146  10:01  Refinery  
  146  10:02  Refinery, Sensor Tower  
  146  10:03  Siege Tank  
  146  10:04  SCV  
  150  10:09  Siege Tank  
  153  10:24  Battlecruiser  
  159  10:29  SCV  
  159  10:31  Command Center  
  159  10:32  Missile Turret  
  159  10:33  Missile Turret  
  160  10:36  Missile Turret x3  
  160  10:37  Siege Tank  
  160  10:39  SCV  
  160  10:41  Missile Turret  
  160  10:42  Battlecruiser  
  170  10:47  Planetary Fortress  
  169  10:52  SCV  
  169  10:55  Missile Turret  
  170  11:01  SCV  
  170  11:02  Refinery  
  170  11:03  Refinery  
  165  11:29  Battlecruiser  
  165  11:30  Battlecruiser, SCV  
  172  11:48  Battlecruiser, Siege Tank  
  172  11:49  Siege Tank  
  172  11:50  Terran Ship Weapons Level 2  
  172  11:52  Terran Vehicle And Ship Armor Level 2  
  184  12:03  Orbital Command  
  184  12:14  SCV  
  185  12:16  Command Center  
  185  12:21  Siege Tank x2  
  191  12:27  Missile Turret x2  
  191  12:29  Sensor Tower  
  191  12:30  Missile Turret  
  191  12:32  Missile Turret  
  191  12:34  Battlecruiser  
  191  12:35  Missile Turret  
  197  12:39  SCV  
  197  12:47  SCV  
  198  12:54  Missile Turret  
  198  12:56  SCV  
  199  13:07  SCV  
  200  13:21  Starport  
  200  13:29  Refinery  
  200  13:40  Factory  
  200  13:42  Factory  
  200  13:46  Starport x2  
  200  13:47  Factory  
  200  13:48  Refinery, Starport  
  200  14:07  Starport Tech Lab  
Show
View Real Time Build Order
Export as new Build Order

Pandemic Terran 

Build Orders: Reaper Expand 

Get SALT Encoding   

  12  0:00  SCV  
  13  0:12  SCV  
  14  0:17  Supply Depot  
  14  0:24  SCV  
  15  0:38  SCV  
  15  0:40  Barracks  
  16  0:47  Refinery  
  16  0:50  SCV  
  17  1:02  SCV  
  18  1:15  SCV  
  19  1:27  Orbital Command  
  19  1:30  Reaper  
  20  1:43  Command Center  
  20  1:52  Supply Depot  
  20  1:53  SCV  
  21  2:04  Barracks Reactor  
  21  2:05  Reaper  
  21  2:08  SCV  
  23  2:12  Refinery  
  23  2:20  SCV  
  24  2:32  SCV  
  24  2:35  Factory  
  25  2:42  Barracks Tech Lab  
  25  2:44  Barracks Reactor, SCV  
  26  2:56  SCV  
  26  2:58  Orbital Command  
  27  3:08  SCV  
  26  3:20  Factory Tech Lab, SCV, Starport  
  26  3:24  Marine x2  
  26  3:26  SCV  
  30  3:33  SCV  
  31  3:38  SCV  
  32  3:42  Siege Tank  
  32  3:45  Marine x2, SCV  
  38  3:50  SCV  
  38  3:51  Bunker  
  39  3:57  SCV  
  39  3:59  Starport Tech Lab  
  40  4:03  SCV  
  40  4:05  Barracks, Marine x2  
  40  4:06  Engineering Bay  
  40  4:07  Barracks  
  40  4:09  SCV  
  44  4:15  SCV  
  45  4:21  SCV  
  45  4:22  Supply Depot  
  45  4:23  Supply Depot  
  46  4:27  Supply Depot  
  46  4:39  Terran Infantry Weapons Level 1  
  46  4:41  Starport Reactor  
  46  4:43  Marine  
  46  4:44  Siege Tank, SCV x2  
  52  4:48  Marine  
  52  4:49  Supply Depot  
  52  4:50  Supply Depot  
  53  4:56  SCV x2  
  55  5:01  Barracks Reactor, Marine  
  55  5:02  Marine  
  55  5:06  Marine  
  58  5:08  SCV x2  
  58  5:10  Refinery  
  60  5:15  Combat Shield  
  60  5:16  Siege Tank  
  60  5:19  Marine  
  60  5:20  SCV x2, Marine  
  67  5:24  Marine  
  68  5:29  Supply Depot  
  68  5:32  SCV x2  
  70  5:40  Marine  
  70  5:41  Marine x3  
  70  5:42  Refinery, Marine  
  75  5:44  SCV  
  75  5:50  Command Center  
  75  5:52  Supply Depot  
  75  5:55  SCV  
  75  5:56  SCV  
  77  5:58  Marine x2  
  77  5:59  Marine x2  
  77  6:01  Siege Tank  
  77  6:03  Viking x2  
  87  6:07  SCV  
  87  6:08  SCV  
  87  6:10  Armory  
  86  6:19  SCV  
  86  6:20  SCV  
  86  6:30  Missile Turret  
  86  6:32  Missile Turret, SCV  
  82  6:33  Viking  
  82  6:35  SCV  
  82  6:48  SCV  
  83  6:58  SCV  
  83  7:00  Marine, SCV  
  83  7:01  Marine  
  87  7:05  Missile Turret  
  87  7:06  Missile Turret  
  87  7:10  SCV  
  87  7:11  Armory  
  88  7:16  Terran Vehicle Weapons Level 1  
  88  7:18  Terran Infantry Armor Level 1  
  88  7:24  SCV  
  88  7:29  Siege Tank  
  92  7:31  Viking  
  92  7:35  SCV  
  92  7:36  SCV  
  96  7:40  Marine x2  
  96  7:41  Marine  
  96  7:42  Refinery, Marine  
  100  7:47  SCV  
  100  7:48  SCV  
  102  7:51  Orbital Command  
  102  7:56  Marine  
  102  7:57  Marine  
  102  7:58  Marine  
  105  7:59  Marine  
  105  8:00  SCV x2  
  104  8:12  Missile Turret, SCV  
  93  8:13  Thor, Missile Turret  
  93  8:14  Missile Turret  
  93  8:17  Viking  
  93  8:18  Viking  
  89  8:31  Missile Turret  
  88  8:34  Missile Turret  
  88  8:35  Missile Turret  
  85  8:47  Viking  
  86  8:49  Viking  
  86  8:52  Marine  
  86  8:53  Marine x3  
  86  8:54  Marine  
  85  9:10  SCV x2, Marine x3  
  85  9:11  Marine  
  85  9:12  Marine  
  89  9:17  Viking  
  89  9:19  Viking  
  89  9:22  SCV  
  89  9:23  SCV  
  95  9:27  Command Center  
  95  9:28  Marine  
  96  9:35  Missile Turret x2, SCV x2  
  96  9:38  Missile Turret  
  98  9:45  Marine x4  
  102  9:55  Supply Depot  
  102  9:58  Supply Depot  
  102  9:59  Marine  
  105  10:00  SCV x2  
  105  10:03  Marine x4  
  109  10:12  SCV  
  110  10:16  Starport, Terran Vehicle Weapons Level 2  
  110  10:17  Refinery, Starport  
  114  10:24  Thor  
  114  10:25  SCV  
  114  10:27  Smart Servos  
  117  10:29  SCV  
  117  10:35  Viking  
  120  10:37  SCV  
  120  10:41  SCV  
  120  10:42  Orbital Command  
  122  10:49  SCV  
  123  10:53  SCV  
  123  10:57  Command Center  
  108  11:09  Stimpack  
  103  11:11  Viking x2  
  93  11:30  Starport Reactor  
  90  11:33  Starport Reactor  
  90  11:35  Thor  
  90  11:36  Thor  
  94  11:41  Viking  
  94  11:43  SCV x2  
  94  11:45  SCV  
  99  11:47  Missile Turret x2  
  99  11:52  Refinery  
  99  11:55  SCV  
  99  11:56  SCV  
  99  11:57  SCV  
  99  12:01  Armory  
  102  12:06  Supply Depot  
  102  12:08  SCV x2  
  104  12:09  SCV  
  104  12:11  Viking  
  104  12:12  Supply Depot  
  104  12:13  Viking  
  109  12:18  Thor  
  115  12:28  Viking x2  
  119  12:36  Hi-Sec Auto Tracking  
  117  12:38  Supply Depot  
  111  12:46  Viking x2  
  111  12:47  Viking x2  
  103  13:00  SCV x3  
  103  13:01  Thor  
  103  13:02  Supply Depot  
  103  13:05  Viking x2  
  108  13:12  SCV x3  
  110  13:15  Orbital Command  
  111  13:20  Missile Turret  
  111  13:24  SCV  
  111  13:25  SCV  
  114  13:31  Missile Turret x2  
  114  13:37  SCV x2  
  114  13:41  Missile Turret  
  115  13:43  Orbital Command  
  102  13:49  SCV  
Tags
 
Add a new tag
Caveats
  • Supply blocks, unpowered buildings, or Contaminate may cause inaccurate times.
  • Supply counts are checked every 10 seconds.